 Dungeon Crawl Stone Soup version 0.30-a0-457-g4b7bca3bfa (webtiles) character file.

Game seed: 17604022353751733251

982 arthad the Trooper (level 8, -8/51 HPs)
             Began as a Gargoyle Fighter on Dec 12, 2022.
             Mangled by Duvessa
             ... wielding a +0 rapier of protection
              (13 damage)
             ... on level 4 of the Dungeon.
             The game lasted 00:05:26 (2865 turns).

arthad the Trooper (Gargoyle Fighter)               Turns: 2865, Time: 00:05:27

Health: -8/51      AC: 25    Str: 19 (22) XL:     8   Next: 17%
Magic:  8/8        EV:  7    Int:  7 (9)  God:
Gold:   160        SH:  4    Dex:  3 (4)  Spells: 7/7 levels left

rFire   . . .      SeeInvis .    m - +8 whip of Soepunot {protect, *Noise rElec rC+++ Dex-5}
rCold   + + +      Faith    .    c - +0 buckler
rNeg    + . .      Spirit   .    y - +3 chain mail {Will+}
rPois   ∞          Reflect  .    (no helmet)
rElec   +          Harm     .    (no cloak)
rCorr   .          Rampage  .    (no gloves)
Will    +....                    (no boots)
Stlth   ..........               (no amulet)
HPRegen 0.28/turn                (no ring)
MPRegen 0.11/turn                (no ring)

@: mighty, brilliant, under a protective aura, attractive, hasted, very quick
A: sickness immunity, AC +5, negative energy resistance 1, electricity
resistance, torment resistance 1, petrification resistance
a: no special abilities


You were on level 4 of the Dungeon.
You visited 1 branch of the dungeon, and saw 4 of its levels.

You collected 160 gold pieces.

Inventory:

Hand Weapons
 a - a +0 flail
 m - the +8 whip of Soepunot (weapon) {protect, *Noise rElec rC+++ Dex-5}
   (You found it on level 2 of the Dungeon)

   It grants its wielder temporary protection when it strikes (+7 to AC).
   Dex:       It affects your dexterity (-5).
   rC:        It renders you almost immune to cold.
   rElec:     It insulates you from electricity.
   *Noise:    It may make noises in combat.
 s - a +1 dagger of electrocution
Missiles
 f - 15 poisoned darts (quivered)
Armour
 b - a +0 scale mail
 c - a +0 buckler (worn)
 k - a +1 leather armour of fire resistance
 r - a +0 helmet
 y - a +3 chain mail of willpower (worn)
Magical Staves
 u - a staff of earth
Wands
 q - a wand of roots (7)
 x - a wand of flame (18)
 C - a wand of polymorph (13)
Scrolls
 g - 5 scrolls of identify {unknown}
 i - 2 scrolls of amnesia {unknown}
 j - a scroll of poison {unknown}
 p - a scroll of fear {unknown}
 t - a scroll of immolation {unknown}
 w - a scroll of vulnerability {unknown}
 B - a scroll of enchant weapon {unknown}
Potions
 e - a potion of attraction
 h - a potion of curing
 l - a potion of degeneration
 n - a potion of mutation {unknown}
 o - a potion of lignification {unknown}
 v - 2 potions of brilliance
 z - a potion of berserk rage {unknown}
 A - a potion of haste
 D - a potion of cancellation {unknown}


   Skills:
 + Level 6.0 Fighting
 + Level 4.9 Maces & Flails
 + Level 6.0 Armour
 + Level 5.9 Shields


You had 7 spell levels left.
You didn't know any spells.
Your spell library contained the following spells:

 Spells                   Type           Power      Damage    Failure   Level
 Foxfire                  Conj/Fire      0%         2x1d4     99%         1


Dungeon Overview and Level Annotations

Branches:
Dungeon (4/15)
 Temple: D:4-7

Altars:

Annotations:
D:4 Duvessa


Innate Abilities, Weirdness & Mutations

You are immune to sickness and miasma.
Your stone body is resilient. (AC +5)
You are immune to poison.
You resist negative energy. (rN+)
You are resistant to electric shocks. (rElec)
You are resistant to unholy torment.
You are immune to petrification.


Message History

You are too injured to fight recklessly!
You are too injured to fight recklessly!
You are too injured to fight recklessly!
Unknown command.
You are too injured to fight recklessly!
It was a potion of attraction.
You feel attractive to monsters.
Duvessa hits you with a +0 rapier of protection.
The hobgoblin is attracted toward you.
It was a potion of curing.
You feel better.
Duvessa hits you with a +0 rapier of protection.
Duvessa barely misses you. The hobgoblin closely misses you.
The endoplasm freezes you.
You are frozen.
You resist.
You feel very mighty all of a sudden. You block Duvessa's attack.
The hobgoblin hits you but does no damage.
The endoplasm freezes you.
You are frozen.
You resist.
You whack Duvessa!
Duvessa is lightly wounded.
Duvessa hits you with a +0 rapier of protection! x2
* * * LOW HITPOINT WARNING * * *
It was a potion of brilliance.
You feel clever all of a sudden. The endoplasm barely misses you.
The hobgoblin barely misses you. Duvessa barely misses you.
It was a potion of degeneration.
There was something very wrong with that liquid.
You feel weakened.
You feel dopey.
You feel clumsy. Duvessa hits you but does no damage.
The endoplasm hits you but does no damage.
The hobgoblin barely misses you.
Duvessa hits you with a +0 rapier of protection!
* * * LOW HITPOINT WARNING * * *
It was a potion of haste.
You feel yourself speed up. The endoplasm freezes you.
You are frozen.
You resist. You block the hobgoblin's attack.
Duvessa hits you with a +0 rapier of protection!
You die...

#.####.... ##.#.#....# #..###
.....##..###.....#
#....#...#.#......
#...............!.
##.................
##....#...##........
#........†##Jg......
#...##......@eJ.....
##.####....†.###..... ##...#
#.)..#.## ...
###...####...##..# .
#....##.........###.
###................
##..#..........#.....
##.##........##...............
###.........#................


You could see Duvessa (berserk), 2 endoplasms and a hobgoblin.

Vanquished Creatures
  Pikel (D:4)
  Grinder (D:4)
  A lemure (D:3)
  Dowan (D:4)
  A howler monkey (D:4)
  Jessica (D:2)
  Natasha (D:4)
  An iguana (D:3)
  Robin (D:2)
  6 adders
  A worm (D:2)
  4 dart slugs
  An orc (D:3)
  5 endoplasms
  4 giant cockroaches
  14 goblins
  7 hobgoblins
  7 jackals
  6 quokkas
  6 ball pythons
  7 bats
  3 frilled lizards (D:1)
  A kobold (D:4)
  5 rats
86 creatures vanquished.

Notes
Turn   | Place    | Note
-------+----------+-------------------------------------------
     0 | D:1      | arthad the Gargoyle Fighter began the quest for the Orb.
     0 | D:1      | Reached XP level 1. HP: 14/14 MP: 1/1
    66 | D:1      | Reached XP level 2. HP: 7/19 MP: 2/2
   527 | D:1      | Reached XP level 3. HP: 23/23 MP: 3/3
   811 | D:2      | Identified the +8 whip of Soepunot {protect, *Noise rElec
                  | rC+++ Dex-5}
   937 | D:2      | Reached XP level 4. HP: 24/29 MP: 4/4
  1016 | D:2      | Noticed Robin
  1025 | D:2      | Killed Robin
  1561 | D:2      | Noticed Jessica
  1566 | D:2      | Killed Jessica
  1567 | D:2      | Reached XP level 5. HP: 31/33 MP: 5/5
  1878 | D:3      | Found a faded altar of an unknown god.
  1886 | D:3      | Got Plato's Compendium of the Blaze
  2541 | D:4      | Noticed Pikel
  2541 | D:4      | Noticed a lemure
  2541 | D:4      | Noticed a lemure
  2541 | D:4      | Noticed a lemure
  2541 | D:4      | Noticed a lemure
  2570 | D:3      | Killed a lemure
  2661 | D:4      | Killed Pikel
  2662 | D:4      | Reached skill level 5 in Fighting
  2662 | D:4      | Reached skill level 5 in Armour
  2662 | D:4      | Reached skill level 5 in Shields
  2662 | D:4      | Reached XP level 6. HP: 16/40 MP: 6/6
  2662 | D:4      | Reached XP level 7. HP: 18/44 MP: 7/7
  2773 | D:4      | Noticed Natasha
  2782 | D:4      | Killed Natasha
  2804 | D:4      | Noticed Dowan
  2815 | D:4      | Killed Dowan
  2845 | D:4      | Noticed Grinder
  2853 | D:4      | Noticed Duvessa
  2857 | D:4      | Killed Grinder
  2858 | D:4      | Reached XP level 8. HP: 40/51 MP: 8/8
  2865 | D:4      | Mangled by Duvessa

Illustrated notes

Levels and vault maps discovered:
D:1:      lightli_iron_boxes, layout_basic, st_stairs_4,
          kennysheep_pointless_box
D:2:      layout_basic, hangedman_abyss_or_decor_stabs, uniq_jessica, uniq_robin
D:3:      layout_loops_corners, shapermc_ecumenical_altar_rom_forum,
          kennysheep_generic_room_2
D:4:      layout_cave_pools, lemuel_crystal_altar, kennysheep_generic_room_6,
          uniq_pikel, uniq_grinder, uniq_duvessa, uniq_natasha

Skill      XL: |  1  2  3  4  5  6  7 |
---------------+----------------------+-----
Armour         | 4 5 6 |  6.0
Fighting       | 4 5 6 |  6.0
Shields        | 4 5 |  5.9
Maces & Flails | 3 4 |  4.9

Action                   |  1- 3 |  4- 6 |  7- 9 || total
-------------------------+-------+-------+-------++-------
Melee: Flail             |    90 |       |       ||    90
       Whip              |    21 |   131 |    36 ||   188
Throw: Dart              |       |     4 |       ||     4
  Use: Potion            |       |       |     6 ||     6
Armor: Scale mail        |   101 |    48 |       ||   149
       Chain mail        |       |    48 |    22 ||    70
Dodge: Dodged            |    69 |    63 |    13 ||   145
Block: Buckler           |    36 |    23 |     7 ||    66

Table legend: (Time is in decaauts)
 A = Elapsed time spent in this place.
 B = Non-inter-level travel time spent in this place.
 C = Inter-level travel time spent in this place.
 D = Time resting spent in this place.
 E = Time spent auto-exploring this place.
 F = Levels seen in this place.
 G = Mean time per level.
                   A        B        C        D        E       F      G
               +--------+--------+--------+--------+--------+-----+--------+
         Total |   2891 |   2787 |    104 |    150 |   2016 |   4 |  722.8 |
       Dungeon |   2891 |   2787 |    104 |    150 |   2016 |   4 |  722.8 |
               +--------+--------+--------+--------+--------+-----+--------+

Top non-repeatable levels by time:
     D:3: 977 daAuts
     D:1: 840 daAuts
     D:2: 821 daAuts
     D:4: 251 daAuts
